[Event "Early-Titled-Tuesday-Blitz-November-28-2023"]
[Site "Chess.com"]
[Date "2023.11.28"]
[Round "3"]
[White "HajiyevKanan"]
[Black "Crasmus"]
[Result "1-0"]
[WhiteElo "2494"]
[BlackElo "2264"]
[TimeControl "180+1"]
[EndTime "8:28:34 PST"]
[Termination "HajiyevKanan won by resignation"]

1. d4 c5 2. Nf3 cxd4 3. Nxd4 Nc6 4. c4 Nf6 5. Nc3 g6 6. Nc2 Bg7 7. e4 O-O 8. Be2 d6 9. O-O a6 10. Be3 Bd7 11. Rb1 Rc8 12. b3 Ng4 13. Bxg4 Bxc3 14. Bxd7 Qxd7 15. Bh6 Bg7 16. Bxg7 Kxg7 17. Ne3 Qe6 18.
Qd3 Ne5 19. Qc3 Kg8 20. Qd4 Qf6 21. Rfd1 Qg5 22. Kh1 Rfe8 23. Nd5 Qh4 24. f3 Rc5 25. a4 b5 26. cxb5 axb5 27. a5 Rc2 28. Rd2 Rec8 29.
Rbd1 Rc1 30. Qg1 R1c2 31. a6 Qg5 32. f4 Qh4 33. fxe5 dxe5 34. Rxc2 Rxc2 35. a7 Ra2 36. Ra1 Rxa1 37. Qxa1 Qxe4 38. Nxe7+ Kg7 39. a8=Q 1-0

[Event "Early-Titled-Tuesday-Blitz-November-28-2023"]
[Site "Chess.com"]
[Date "2023.11.28"]
[Round "3"]
[White "tetrix83"]
[Black "German_Bazeev"]
[Result "0-1"]
[WhiteElo "2515"]
[BlackElo "2796"]
[TimeControl "180+1"]
[EndTime "8:28:35 PST"]
[Termination "German_Bazeev won by resignation"]

1. e4 c5 2. Nf3 Nc6 3. Bb5 g6 4. O-O Bg7 5. c3 Nf6 6. Re1 O-O 7. h3 Qb6 8. Na3 a6 9. Ba4 e5 10. Nc4 Qc7 11. Bxc6 dxc6 12. Ncxe5 Rd8 13. d4 Nh5 14. Be3 Be6 15. Qc2 h6 16. Ng4 Kh7 17. dxc5 Nf4 18. Bd4 Bxg4 19. hxg4 Qd7 20. g3 Qxg4 21. Nh2 Nh3+ 22.
Kg2 Qe6 23. Rad1 Ng5 24. Qe2 Qxa2 25. Bxg7 Kxg7 26. f4 Ne6 27. b4 Qxe2+ 28. Rxe2 Rxd1 0-1

[Event "Early-Titled-Tuesday-Blitz-November-28-2023"]
[Site "Chess.com"]
[Date "2023.11.28"]
[Round "3"]
[White "GAusal"]
[Black "whitemirrorninja"]
[Result "0-1"]
[WhiteElo "2291"]
[BlackElo "2511"]
[TimeControl "180+1"]
[EndTime "8:28:35 PST"]
[Termination "whitemirrorninja won on time"]

1. d4 d5 2. Nf3 Nf6 3. Bf4 c6 4. e3 Bg4 5. c4 e6 6. Nc3 Bd6 7. Bxd6 Qxd6 8. cxd5 exd5 9. h3 Bxf3 10. Qxf3 O-O 11. Bd3 Nbd7 12. O-O Rfe8 13. g4 h6 14. Ne2 Ne4 15. Rfd1 Nf8 16. Kg2 Ng6 17. Kg1 Nh4 18. Qf4 Qxf4 19. Nxf4 f5 20. gxf5 Rf8 21. Bxe4 dxe4 22.
Ng6 Nf3+ 23. Kg2 Rf6 24. d5 Kh7 25. dxc6 bxc6 26. Ne7 Re8 27. Ng6 Rxf5 28. Nf4 Rb8 29. b3 Rb7 30. Rac1 c5 31. Rd5 Rxd5 32. Nxd5 Rd7 33.
Rxc5 Rd6 34. Ra5 Nd2 35. Nf4 a6 36. Rd5 Rxd5 37. Nxd5 Kg6 38. h4 Kh5 39. Kg3 g5 40. hxg5 Kxg5 41. Nf4 Nb1 42. f3 Nc3 43. fxe4 Nxe4+ 44.
Kf3 Nc3 45. a3 h5 46. b4 h4 47. Nh3+ Kf5 0-1

[Event "Early-Titled-Tuesday-Blitz-November-28-2023"]
[Site "Chess.com"]
[Date "2023.11.28"]
[Round "3"]
[White "SHIVACalypso"]
[Black "Ajedrez_con_German"]
[Result "0-1"]
[WhiteElo "2436"]
[BlackElo "2611"]
[TimeControl "180+1"]
[EndTime "8:28:36 PST"]
[Termination "Ajedrez_con_German won by checkmate"]

1. Nf3 e6 2. c4 f5 3. Qc2 Nf6 4. Rg1 b6 5. h3 Bb7 6. g4 Bxf3 7. exf3 g6 8. d4 Bg7 9. Nc3 O-O 10. Bg5 c5 11. O-O-O Nc6 12. d5 Nd4 13. Qd3 Qc7 14. gxf5 Nxf5 15. d6 Qc6 16. Bg2 Nd4 17. Bxf6 Bxf6 18. Ne4 Be5 19. Kb1 Bxd6 20. f4 Qc7 21.
Nxd6 Qxd6 22. Bxa8 Rxa8 23. Rxg6+ hxg6 24. Qxg6+ Kf8 25. Qf6+ Ke8 26. Rg1 Qf8 27. Qh4 Qf5+ 28. Ka1 Nc2+ 29. Kb1 Na3+ 30. Ka1 Qb1+ 31. Rxb1 Nc2# 0-1

[Event "Early-Titled-Tuesday-Blitz-November-28-2023"]
[Site "Chess.com"]
[Date "2023.11.28"]
[Round "3"]
[White "GMBenjaminBok"]
[Black "Hovik_Hayrapetyan"]
[Result "1-0"]
[WhiteElo "3031"]
[BlackElo "2776"]
[TimeControl "180+1"]
[EndTime "8:28:39 PST"]
[Termination "GMBenjaminBok won on time"]

1. Nf3 Nf6 2. c4 e6 3. g3 d5 4.
Bg2 Be7 5. O-O O-O 6. b3 d4 7. e3 c5 8. Ne5 Qc7 9. f4 Nfd7 10.
Nd3 Nc6 11. Na3 a6 12. Bb2 e5 13. Nc2 Bf6 14. fxe5 Ndxe5 15. Nf4 Bg4 16. Qb1 Qd7 17. exd4 cxd4 18. Nd5 Bg5 19. Nxd4 Bxd2 20. Nxc6 Nxc6 21. Bxg7 Kxg7 22. Qb2+ f6 23. Qxd2 Rae8 24. Rf4 Re2 25. Qc3 Bh3 26. Bf3 Re5 27. Re1 Rxe1+ 28. Qxe1 Ne5 29.
Qe3 Qd6 30. Bg2 Be6 31. Rd4 Qa3 32. Qd2 Qc5 33. Qf2 1-0

[Event "Early-Titled-Tuesday-Blitz-November-28-2023"]
[Site "Chess.com"]
[Date "2023.11.28"]
[Round "3"]
[White "colegiodemadrid"]
[Black "DumbKing75"]
[Result "0-1"]
[WhiteElo "2487"]
[BlackElo "2646"]
[TimeControl "180+1"]
[EndTime "8:28:39 PST"]
[Termination "DumbKing75 won by resignation"]

1. d4 Nf6 2. c4 g6 3. Nc3 Bg7 4. e4 d6 5. f3 O-O 6. Be3 e5 7. d5 c6 8. Qd2 cxd5 9. cxd5 Nbd7 10. Nge2 a6 11. Ng3 Ne8 12. Bd3 Nc5 13. Bxc5 dxc5 14. a4 Nd6 15. h4 f5 16. h5 f4 17. Nge2 Bd7 18. a5 b5 19. axb6 Qxb6 20. hxg6 hxg6 21. Nc1 c4 22. Be2 Rfb8 23. Ra2 Bf6 24. g3 Bg5 25. g4 Kg7 26. Bf1 Rh8 27. Rxh8 Rxh8 28. Kd1 Rh1 29. Qg2 Rg1 30. Qe2 Rh1 31. Qg2 Rg1 32. Qe2 Nb5 33. Ra1 Nd4 34. Qxc4 Qxb2 35. Ra2 Rxf1+ 36. Qxf1 Qxc3 37.
Qxa6 Qxf3+ 38. Kd2 Qe3+ 39. Kd1 Bxg4+ 40. Ne2 Bxe2+ 41.
Rxe2 Qxe2+ 0-1

[Event "Early-Titled-Tuesday-Blitz-November-28-2023"]
[Site "Chess.com"]
[Date "2023.11.28"]
[Round "3"]
[White "gpsji27"]
[Black "LoveUMore"]
[Result "0-1"]
[WhiteElo "2331"]
[BlackElo "2555"]
[TimeControl "180+1"]
[EndTime "8:28:39 PST"]
[Termination "LoveUMore won by resignation"]

1. d4 Nf6 2. Nf3 d6 3. Nc3 Nc6 4. e4 Bg4 5. Be3 e5 6. d5 Ne7 7. h3 Bd7 8. Bc4 Ng6 9. Qd2 Be7 10. g4 O-O 11. O-O-O b5 12. Bd3 b4 13. Ne2 a5 14. Ng3 c5 15. dxc6 Bxc6 16. g5 Nd7 17. h4 Nc5 18. h5 Nxd3+ 19. cxd3 Nf4 20. Bxf4 exf4 21. Qxf4 Qb6 22. Kb1 b3 23. a3 Qxf2 24. Nf5 Rfe8 25. h6 d5 26. Nxe7+ Rxe7 27. hxg7 Bd7 28.
Rxh7 Qc2+ 29. Ka1 Qxd1+ 0-1

[Event "Early-Titled-Tuesday-Blitz-November-28-2023"]
[Site "Chess.com"]
[Date "2023.11.28"]
[Round "3"]
[White "Flaccidmoves"]
[Black "DarZay"]
[Result "0-1"]
[WhiteElo "2395"]
[BlackElo "2241"]
[TimeControl "180+1"]
[EndTime "8:28:39 PST"]
[Termination "DarZay won on time"]

1. c4 e6 2. g3 d5 3. Bg2 Be7 4. Nf3 Nf6 5. O-O O-O 6. d4 c5 7. cxd5 exd5 8. Nc3 h6 9. b3 Nc6 10. Bb2 Bg4 11. dxc5 Bxc5 12. Rc1 b6 13. Na4 Ne4 14.
Nd2 f5 15. Nxe4 fxe4 16. Nxc5 bxc5 17. Rxc5 Ne7 18. Qd4 Rf7 19. Rfc1 Bxe2 20. Bh3 Qd6 21. Qe5 Qf6 22. Qxf6 gxf6 23. Be6 Rd8 24. Rc7 Kf8 25. Ba3 Rg7 26. Rxa7 d4 27. Rcc7 Re8 28. Rd7 d3 29. f4 e3 0-1

[Event "Early-Titled-Tuesday-Blitz-November-28-2023"]
[Site "Chess.com"]
[Date "2023.11.28"]
[Round "3"]
[White "stasOR4ik"]
[Black "CSB7"]
[Result "0-1"]
[WhiteElo "2508"]
[BlackElo "2730"]
[TimeControl "180+1"]
[EndTime "8:28:40 PST"]
[Termination "CSB7 won by resignation"]

1. e4 e5 2. Nf3 Nc6 3. Bb5 a6 4.
Ba4 Nf6 5. O-O Nxe4 6. Re1 Nc5 7. Bxc6 dxc6 8. Nxe5 Be7 9. d4 Ne6 10. c3 O-O 11. Nd2 c5 12. Ndf3 cxd4 13. Nxd4 Nxd4 14. Qxd4 Qxd4 15. cxd4 Be6 16. Be3 Rfd8 17. a3 f6 18.
Nd3 Kf7 19. Rac1 Bd6 20. Bf4 c6 21. Be3 Re8 22. Nc5 Bc8 23. Na4 Bf5 24. h3 h5 25.
Red1 Rad8 26. d5 cxd5 27. Nb6 Be6 28. Kf1 Be5 29. Rd2 d4 30. Rcd1 Bb3 31. Rxd4 Bxd1 0-1

[Event "Early-Titled-Tuesday-Blitz-November-28-2023"]
[Site "Chess.com"]
[Date "2023.11.28"]
[Round "3"]
[White "SharapovEvgeny"]
[Black "YouShallNotPass001"]
[Result "0-1"]
[WhiteElo "2602"]
[BlackElo "2461"]
[TimeControl "180+1"]
[EndTime "8:28:41 PST"]
[Termination "YouShallNotPass001 won by checkmate"]

1. e4 c5 2. Nf3 g6 3. d4 cxd4 4. Nxd4 Bg7 5. c4 Qa5+ 6. Bd2 Qb6 7. Bc3 Nc6 8. Nb3 Bxc3+ 9. Nxc3 d6 10. Nd5 Qd8 11.
Be2 e6 12. Nc3 Nf6 13. O-O O-O 14. Qd2 Qe7 15. Rad1 Rd8 16. Rfe1 b6 17. Bf1 a6 18. Nd5 exd5 19. exd5 Ne5 20. f4 Nf3+ 21. gxf3 Qd7 22.
Nd4 Bb7 23. Re3 Re8 24. Rde1 Rxe3 25. Rxe3 Re8 26. Rxe8+ Nxe8 27. Qe3 Ng7 28. Qe4 Kf8 29.
b3 Qe7 30. Qxe7+ Kxe7 31. Kf2 Nh5 32. Ke3 f5 33. b4 Kd7 34. a3 Ke7 35. Bd3 Kd7 36. Bc2 Ke7 37. Ba4 Nf6 38. Bc6 Bc8 39. a4 Kd8 40. Nb3 Kc7 41. a5 bxa5 42. Nxa5 Kb6 43.
Kd4 Nh5 44. Ke3 Nf6 45. Nb3 Kc7 46. c5 Bb7 47. Bxb7 Kxb7 48. Kd4 Kc7 49. Na5 Nh5 50. Nc4 dxc5+ 51. bxc5 Nxf4 52. d6+ Kd7 53. Ne5+ Ke6 54. d7 Ke7 55. c6 Ne6+ 56. Kd5 a5 57. Nd3 a4 58.
Nc5 Nxc5 59. Kxc5 a3 60. Kb6 a2 61. Kc7 a1=Q 62. d8=Q+ Kf7 63. Qd7+ Kf6 64. Qd6+ Kf7 65. Kd7 Qa7+ 66. c7 Qa4+ 67. Kd8 Qe8# 0-1

[Event "Early-Titled-Tuesday-Blitz-November-28-2023"]
[Site "Chess.com"]
[Date "2023.11.28"]
[Round "3"]
[White "tylityli"]
[Black "Mistango"]
[Result "0-1"]
[WhiteElo "2258"]
[BlackElo "2471"]
[TimeControl "180+1"]
[EndTime "8:28:41 PST"]
[Termination "Mistango won on time"]

1. d4 Nf6 2. c4 g6 3. Nc3 Bg7 4.
e4 O-O 5. Nge2 d6 6. Ng3 h5 7. Bg5 Nc6 8. d5 Ne5 9. f4 Neg4 10. h3 Ne3 11. Qe2 Nxf1 12. Rxf1 Nh7 13. Bh4 c5 14. e5 dxe5 15. f5 g5 16. Nxh5 f6 17.
Nxg7 Kxg7 18. Bg3 a6 19. O-O-O b5 20. Ne4 bxc4 21. Nxc5 Qc7 22. Qxc4 Kh8 23. b3 Bd7 24. Nxd7 Qxd7 25. Kb2 Rfc8 26. Qb4 a5 27. Qa4 Qxa4 28. bxa4 Rab8+ 29. Ka1 Rc2 30. Rf2 Rc3 31. Rf3 Rxf3 32. gxf3 Rb4 33. d6 exd6 34. Rxd6 Rxa4 35. Kb2 Rb4+ 36.
Kc3 Rb1 37. Ra6 Rf1 0-1

[Event "Early-Titled-Tuesday-Blitz-November-28-2023"]
[Site "Chess.com"]
[Date "2023.11.28"]
[Round "3"]
[White "stratacticos"]
[Black "VladimirBugayev"]
[Result "0-1"]
[WhiteElo "1737"]
[BlackElo "2332"]
[TimeControl "180+1"]
[EndTime "8:28:42 PST"]
[Termination "VladimirBugayev won on time"]

1. e4 c6 2. d4 d5 3. e5 Bf5 4.
h4 h5 5. Bd3 Bxd3 6. Qxd3 Qa5+ 7. Bd2 Qb5 8. Qxb5 cxb5 9. Nc3 Nc6 10. Nxd5 O-O-O 11. Nc3 Nxd4 12. O-O-O a6 13. Rh3 e6 14. Nf3 Nf5 15. Ng5 Ngh6 16. a3 Be7 17. Rhh1 Rd4 18.
g3 Rhd8 19. Ne2 R4d5 20. Bc3 Bxg5+ 21. hxg5 Rxd1+ 22. Rxd1 Rxd1+ 23. Kxd1 Ng4 24. f3 Nge3+ 25. Kd2 Nf1+ 26. Kd3 N1xg3 27. Nf4 g6 28. Be1 Kd7 29. Nh3 Kc6 30. Nf2 Ne7 31. b3 Ngf5 32. c4 bxc4+ 33.
bxc4 b5 34. Ne4 bxc4+ 35. Kxc4 Nd5 36. Bd2 h4 0-1

[Event "Early-Titled-Tuesday-Blitz-November-28-2023"]
[Site "Chess.com"]
[Date "2023.11.28"]
[Round "3"]
[White "Ariadna_Atreides"]
[Black "McCarthyStone"]
[Result "0-1"]
[WhiteElo "2192"]
[BlackElo "2394"]
[TimeControl "180+1"]
[EndTime "8:28:42 PST"]
[Termination "McCarthyStone won by resignation"]

1. d4 d5 2. Nf3 c6 3. c4 dxc4 4. a4 Bf5 5. Nc3 e6 6. e4 Bg4 7.
Be3 Nf6 8. Bxc4 Bb4 9. e5 Nd5 10. Qb3 Nxe3 11. fxe3 Bxf3 12. gxf3 Qh4+ 13. Ke2 a5 14.
Rag1 g6 15. Ne4 Nd7 16. Rg4 Qe7 17. h4 h5 18. Rgg1 O-O-O 19. Rc1 Nb6 20. Nd6+ Rxd6 21. exd6 Qxd6 22. Qd3 Nxa4 23. Rc2 Nb6 24. Kf2 Rd8 25.
Qe4 Kb8 26. f4 Qd7 27. Qe5+ Bd6 28. Qe4 Bb4 29. Qe5+ Qc7 30. Qf6 Be7 31. Qe5 Bd6 32.
Qf6 Rd7 33. Qg5 Bb4 34. Ra1 Qd8 35. Qxd8+ Rxd8 36. Kf3 a4 37. Bd3 Be7 38. Be4 Bxh4 39. Rh2 Be7 40. Rh3 Kc7 41. Rg1 Ra8 42. Ra1 a3 43.
Rhh1 axb2 44. Rxa8 Nxa8 45. Rb1 Ba3 46. Ke2 Nb6 47. Kd2 Nd5 48. Bxd5 exd5 49. Kc2 b5 50. Kb3 Bd6 51. Kxb2 Kd7 52. Rh1 c5 53. Kc3 b4+ 54. Kb3 c4+ 55. Kb2 Ke6 56. Kc2 Kf5 57. Kd2 Ke4 58.
Ke2 b3 59. Ra1 b2 60. Rb1 c3 61. Kd1 Kxe3 62. Kc2 Kxd4 63. Rd1+ Kc4 64. f5 d4 65. Rg1 d3+ 66. Kb1 Be5 67. fxg6 c2+ 68. Ka2 b1=Q+ 69.
Rxb1 cxb1=Q+ 70. Kxb1 fxg6 0-1

[Event "Early-Titled-Tuesday-Blitz-November-28-2023"]
[Site "Chess.com"]
[Date "2023.11.28"]
[Round "3"]
[White "chito89"]
[Black "Rital44"]
[Result "1-0"]
[WhiteElo "2856"]
[BlackElo "2519"]
[TimeControl "180+1"]
[EndTime "8:28:44 PST"]
[Termination "chito89 won by resignation"]

1. b3 c5 2. Bb2 Nc6 3. Nf3 d6 4.
d4 cxd4 5. Nxd4 Nf6 6. g3 g6 7.
Bg2 Bd7 8. O-O Bg7 9. c4 O-O 10. Nc3 Rc8 11. e3 a6 12. Rc1 Qa5 13. a3 Nxd4 14. exd4 b5 15. b4 Qc7 16. c5 dxc5 17.
dxc5 Bc6 18. Qe2 Bxg2 19. Kxg2 Qc6+ 20. f3 e6 21. Rfd1 Rfd8 22. Rxd8+ Rxd8 23. Rd1 Rxd1 24. Qxd1 Nd7 25. Qd2 Ne5 26. Qd8+ Bf8 27. Ne4 Nxf3 28. Qf6 Nd4 29. Qxd4 f5 30. Qh8+ Kf7 31. Qxh7+ Ke8 32. Qxg6+ Kd7 33. Qh5 Qxe4+ 34. Qf3 Qc2+ 35. Qf2 Qe4+ 36.
Kf1 Bh6 37. Qd4+ Qxd4 38. Bxd4 Bc1 39. h4 Bxa3 40. h5 Bc1 41. Ke2 Kc6 42. Be3 Bb2 43. h6 Bh8 44. h7 a5 45. bxa5 b4 46. a6 b3 47. Kd3 b2 48. Kc2 Bf6 49. a7 Kb7 50.
c6+ Ka8 51. c7 1-0

[Event "Early-Titled-Tuesday-Blitz-November-28-2023"]
[Site "Chess.com"]
[Date "2023.11.28"]
[Round "3"]
[White "FoxOnTheRun97"]
[Black "KaydenTroffChess"]
[Result "1-0"]
[WhiteElo "2568"]
[BlackElo "2777"]
[TimeControl "180+1"]
[EndTime "8:28:46 PST"]
[Termination "FoxOnTheRun97 won on time"]

1. d4 Nf6 2. Bg5 d5 3. Nd2 Nbd7 4. e3 g6 5. f4 Bg7 6. Ngf3 h6 7.
Bh4 c5 8. c3 Qc7 9. Bd3 cxd4 10. cxd4 O-O 11. Rc1 Qa5 12. a3 Qb6 13. Qc2 Ng4 14. Ke2 Qe6 15. Bf2 Nxf2 16. Kxf2 Nf6 17. h3 Bd7 18. Ne5 Rfc8 19. Qb3 Bc6 20. g4 Nd7 21.
Nxd7 Qxd7 22. Nf3 Rf8 23. Rhg1 Rac8 24. h4 Qe6 25. h5 Kh8 26. Rh1 Qxg4 27. Rcg1 Qe6 28.
hxg6 fxg6 29. Rxg6 Rf6 30. Rxf6 Qxf6 31. Ne5 Qe6 32.
Bb1 Bxe5 33. Qd3 Qf7 34. dxe5 Qg7 35. Rg1 Qf7 36. e6 1-0

[Event "Early-Titled-Tuesday-Blitz-November-28-2023"]
[Site "Chess.com"]
[Date "2023.11.28"]
[Round "3"]
[White "deepfear"]
[Black "jaskol95"]
[Result "0-1"]
[WhiteElo "1921"]
[BlackElo "2529"]
[TimeControl "180+1"]
[EndTime "8:28:46 PST"]
[Termination "jaskol95 won on time"]

1. e4 d5 2. exd5 Nf6 3. d4 Bg4 4. Be2 Bxe2 5. Qxe2 Qxd5 6. Nf3 Nc6 7. c4 Qe4 8. d5 Nb4 9. Qxe4 Nxe4 10. Na3 Nd3+ 11.
Ke2 Ndxf2 12. Rf1 Ng4 13. Nb5 O-O-O 14. Nxa7+ Kb8 15. Nb5 g6 16. Bf4 Nd6 17. h3 Nf6 18. Ne5 Bg7 19. Nxd6 exd6 20. Nxf7 Rde8+ 21. Kd3 Rhf8 22. Ng5 Nh5 23. g3 Bxb2 24. Rab1 Be5 25. Ne6 Bxf4 26. Nxf8 Re3+ 27. Kd4 Rxg3 28. Ne6 Be5+ 29. Ke4 Nf6+ 30. Rxf6 Bxf6 31. Rf1 Be5 32. Rf8+ Ka7 33. Nxc7 Rxh3 34.
Nb5+ Kb6 35. a4 Kc5 36. Rf7 b6 37. Rc7+ Kb4 38. Rb7 Rh4+ 39. Kd3 Rh3+ 40. Ke4 Kxc4 41. Rxb6 Rh4+ 42. Ke3 Kxd5 0-1

[Event "Early-Titled-Tuesday-Blitz-November-28-2023"]
[Site "Chess.com"]
[Date "2023.11.28"]
[Round "3"]
[White "IljaZaragatski"]
[Black "verrbaa"]
[Result "1-0"]
[WhiteElo "2636"]
[BlackElo "2468"]
[TimeControl "180+1"]
[EndTime "8:28:47 PST"]
[Termination "IljaZaragatski won on time"]

1. g3 Nf6 2. Bg2 g6 3. c4 Bg7 4.
Nc3 O-O 5. d3 e5 6. e4 d6 7.
Nge2 Nc6 8. O-O Nd7 9. Be3 Re8 10. Qd2 a5 11. f4 exf4 12. gxf4 f5 13. exf5 gxf5 14.
Kh1 Nc5 15. Rg1 Kh8 16. Ng3 Qh4 17. Nd5 Na6 18. Bf2 Qh6 19. Rae1 Be6 20. Rxe6 Qxe6 21.
Bh3 Rf8 22. a3 a4 23. Re1 Qd7 24. d4 Rf7 25. Qd3 Raf8 26. Nh5 Bh6 27. Rg1 Qd8 28.
Ne3 Ne7 29. d5 Rg8 30. Ng2 1-0

[Event "Early-Titled-Tuesday-Blitz-November-28-2023"]
[Site "Chess.com"]
[Date "2023.11.28"]
[Round "3"]
[White "parintele_chess"]
[Black "Ron_Weasley_Chess"]
[Result "0-1"]
[WhiteElo "2185"]
[BlackElo "2392"]
[TimeControl "180+1"]
[EndTime "8:28:47 PST"]
[Termination "Ron_Weasley_Chess won by resignation"]

1. d4 Nf6 2. Bf4 c5 3. e3 g6 4. Nf3 Bg7 5. Nbd2 O-O 6. c3 b6 7. Be2 Bb7 8. h3 d6 9. O-O Nc6 10. dxc5 dxc5 11. Qc2 Nd5 12. Bh2 e5 13. Rad1 Qe7 14.
Nc4 Rad8 15. e4 Nf4 16. Ne3 Qc7 17. Bxf4 exf4 18. Nd5 Qb8 19. a4 Rfe8 20. Bc4 Ne5 21. Nxe5 Bxe5 22. f3 Kg7 23. a5 bxa5 24. Ra1 Bxd5 25.
Bxd5 Qb6 26. b3 c4+ 27. Kh1 cxb3 28. Bxb3 Qe3 29. Rad1 Bxc3 30. Bd5 Bb4 31. Qb2+ Qc3 32. Qe2 Rd6 33. Qb5 Red8 34. Qb7 R8d7 35. Qa8 a4 36. Rfe1 Qc7 37. Rf1 Rd8 38. Qb7 Qxb7 0-1

[Event "Early-Titled-Tuesday-Blitz-November-28-2023"]
[Site "Chess.com"]
[Date "2023.11.28"]
[Round "3"]
[White "DeArron_Fox"]
[Black "Doomfist26"]
[Result "1-0"]
[WhiteElo "2482"]
[BlackElo "2617"]
[TimeControl "180+1"]
[EndTime "8:28:50 PST"]
[Termination "DeArron_Fox won by checkmate"]

1. d4 Nf6 2. c4 e6 3. Nf3 d5 4. Nc3 Nbd7 5. cxd5 exd5 6. Bg5 Bb4 7. e3 h6 8. Bh4 O-O 9. Bd3 c5 10. O-O c4 11. Bc2 Be7 12. Ne5 a6 13. Nxd7 Bxd7 14. Bxf6 Bxf6 15. Nxd5 Bg5 16. f4 Bh4 17. g3 Bh3 18. Nc3 Bxf1 19. Qxf1 Be7 20. Qxc4 b5 21. Qd3 g6 22. f5 Qd6 23. fxg6 fxg6 24. Qxg6+ Qxg6 25.
Bxg6 Kg7 26. Bd3 Bg5 27. Re1 Rae8 28. e4 Rd8 29. d5 b4 30. Na4 Be7 31. Bxa6 Rfe8 32.
Bb5 Rf8 33. Bc6 h5 34. e5 h4 35. d6 Bg5 36. Nc5 hxg3 37. Ne6+ Kg6 38. hxg3 Rh8 39. Nxd8 Rxd8 40. Ba4 Kf5 41. Bc2+ Ke6 42. Bb3+ Kf5 43. e6 Rxd6 44. e7 Bxe7 45. Rxe7 Rd2 46. Rf7+ Kg4 47. Rf2 Rd4 48. Kg2 Rd3 49. Be6+ Kg5 50. b3 Re3 51. Bc4 Rc3 52. Bb5 Kg4 53. Rf4+ Kg5 54. Rxb4 Rc2+ 55. Kf3 Rxa2 56. Bd3 Ra1 57. Rb5+ Kf6 58. Rc5 Rc1 59. Rxc1 Ke5 60. b4 Kd4 61. b5 Kxd3 62. b6 Kd2 63. Rc8 Ke1 64. b7 Kd2 65. b8=Q Ke1 66. Qe5+ Kd2 67. Qd4+ Ke1 68. Rc1# 1-0

[Event "Early-Titled-Tuesday-Blitz-November-28-2023"]
[Site "Chess.com"]
[Date "2023.11.28"]
[Round "3"]
[White "pinguino120"]
[Black "Pingah9"]
[Result "0-1"]
[WhiteElo "2284"]
[BlackElo "2548"]
[TimeControl "180+1"]
[EndTime "8:28:50 PST"]
[Termination "Pingah9 won by resignation"]

1. e4 c5 2. Nf3 e6 3. c3 d5 4.
e5 d4 5. d3 Nc6 6. g3 Nge7 7.
Bg2 Ng6 8. Qe2 Qc7 9. Na3 Ngxe5 10. Bf4 Nxf3+ 11. Bxf3 e5 12. Nb5 Qb8 13. Bxc6+ bxc6 14. Bxe5 Qxb5 15. Bxg7+ Be6 16. Bxh8 O-O-O 17. O-O dxc3 18. Bxc3 Rxd3 19. a4 Rxg3+ 20. hxg3 Qxe2 21. Rfe1 Qh5 22. Rad1 Bd5 23. Rxd5 cxd5 24. Re8+ Kd7 25. Rxf8 d4 26. Ba5 Qd1+ 27. Kg2 Qxa4 28. Bd2 Qc6+ 29. Kg1 Ke6 30. Bf4 c4 31. Rd8 Qc5 32. Re8+ Kd7 33. Re5 Qc6 34.
Rf5 Ke8 35. Re5+ Kd7 36. Rf5 Qe4 37. Rxf7+ Kc6 38. Rf6+ Kb5 39. Kh2 c3 40. bxc3 dxc3 41. Rf7 a5 42. Rb7+ Qxb7 0-1

[Event "Early-Titled-Tuesday-Blitz-November-28-2023"]
[Site "Chess.com"]
[Date "2023.11.28"]
[Round "3"]
[White "lrestevez"]
[Black "kunaevchess"]
[Result "1-0"]
[WhiteElo "2174"]
[BlackElo "2331"]
[TimeControl "180+1"]
[EndTime "8:28:50 PST"]
[Termination "lrestevez won by resignation"]

1. e4 e5 2. Nf3 Nc6 3. Bc4 Nf6 4.
Ng5 d5 5. exd5 Na5 6. Bb5+ c6 7. dxc6 bxc6 8. Bd3 Bc5 9. O-O O-O 10. Ne4 Bb6 11.
Nxf6+ Qxf6 12. Nc3 Bf5 13. Bxf5 Qxf5 14. d3 Rad8 15. Qe2 Rfe8 16. Qe4 Qf6 17. Be3 c5 18. Nd5 Qe6 19. Nxb6 axb6 20. b3 Nc6 21. Qh4 Nd4 22. Bxd4 cxd4 23. Rae1 Rc8 24. Re2 h6 25. Rfe1 Qd5 26.
f4 f6 27. fxe5 Rxe5 28. Rxe5 fxe5 29. Re2 Ra8 30. a4 b5 31. axb5 Qxb5 32. Qe7 Ra1+ 33. Kf2 Ra5 34. g3 Qd5 35. b4 Ra2 36. Qe8+ Kh7 37.
Qxe5 Qxe5 38. Rxe5 Rxc2+ 39. Kf3 Rc3 40. Ke4 Rb3 41. Rb5 Rb2 42. Kxd4 Rxh2 43. Re5 Rg2 44. Re3 Rb2 45. Kc5 g5 46. b5 Kg6 47. b6 h5 48.
Kc6 Kf5 49. b7 h4 50. gxh4 gxh4 51. d4 Kf4 52. Rc3 Ke4 53. d5 Ke5 54. d6 1-0

[Event "Early-Titled-Tuesday-Blitz-November-28-2023"]
[Site "Chess.com"]
[Date "2023.11.28"]
[Round "3"]
[White "Korchmar_Vasiliy"]
[Black "JimDiGrease"]
[Result "0-1"]
[WhiteElo "2729"]
[BlackElo "2979"]
[TimeControl "180+1"]
[EndTime "8:28:51 PST"]
[Termination "JimDiGrease won on time"]

1. e4 c5 2. d4 cxd4 3. Qxd4 Nc6 4. Qd3 e6 5. Nc3 Nf6 6. Bf4 Bc5 7. O-O-O O-O 8.
Qe2 d5 9. e5 Nd7 10. Nf3 Qa5 11.
Kb1 b5 12. Qxb5 Qc7 13. Qe2 Rb8 14. Qe1 Qa5 15. Bd3 Ba6 16. Bxa6 Qxa6 17. Nd2 Rfc8 18. Nb3 Bb4 19. Bd2 Be7 20. f4 Nb4 21. a3 Nxc2 22. Kxc2 Qa4 23. Bc1 Qxb3+ 24. Kd3 Qc4+ 25. Ke3 d4+ 26. Rxd4 Bc5 27. Qd2 Nb6 0-1

[Event "Early-Titled-Tuesday-Blitz-November-28-2023"]
[Site "Chess.com"]
[Date "2023.11.28"]
[Round "3"]
[White "pasteta13"]
[Black "Logman74"]
[Result "1-0"]
[WhiteElo "2459"]
[BlackElo "2597"]
[TimeControl "180+1"]
[EndTime "8:28:51 PST"]
[Termination "pasteta13 won on time"]

1. e4 c5 2. Ne2 Nc6 3. g3 g6 4. Bg2 Bg7 5. c3 e6 6. d4 cxd4 7. cxd4 d5 8. exd5 exd5 9. Nbc3 Nge7 10. O-O O-O 11. Be3 Be6 12. Nf4 Qd7 13. Nxe6 fxe6 14.
Qd2 Nf5 15. Ne2 Rae8 16. Rfe1 Nd6 17. Nf4 Nc4 18. Qc3 g5 19. Nd3 Nxe3 20. fxe3 h6 21. Rac1 Rf7 22. Nc5 Qe7 23. Nxb7 Nxd4 24. exd4 Qxb7 25.
Kh1 Qb6 26. Bxd5 Bxd4 27. Qd3 Rf6 28. Rc6 Qxb2 29. Rb1 Qf2 30. Rc7 Qf5 31. Bxe6+ Rexe6 32. Rb8+ Rf8 33. Rxf8+ 1-0

[Event "Early-Titled-Tuesday-Blitz-November-28-2023"]
[Site "Chess.com"]
[Date "2023.11.28"]
[Round "3"]
[White "GothamChess"]
[Black "Barmen_EV"]
[Result "0-1"]
[WhiteElo "2672"]
[BlackElo "2516"]
[TimeControl "180+1"]
[EndTime "8:28:52 PST"]
[Termination "Barmen_EV won by checkmate"]

1. e4 e5 2. Nc3 Nf6 3. f4 d5 4.
fxe5 Nxe4 5. Qf3 Nc6 6. Bb5 Bd7 7. Nxe4 Nd4 8. Bxd7+ Qxd7 9. Qd3 dxe4 10. Qxe4 O-O-O 11. c3 Ne6 12. d4 c5 13. Be3 cxd4 14. cxd4 Bb4+ 15.
Kf2 Nxd4 16. Nf3 Nxf3 17. gxf3 Qb5 18. Bxa7 Rd2+ 19. Kg3 h5 20. Rac1+ Kd8 21. Rhd1 h4+ 22. Kf4 g5+ 23. Kxg5 f6+ 24. Kxf6 Rf8+ 25. Kg5 Be7+ 26. Kh5 Qe8+ 27. Qg6 Rh8+ 28. Kg4 Qxg6+ 29. Kh3 Qf5# 0-1

[Event "Early-Titled-Tuesday-Blitz-November-28-2023"]
[Site "Chess.com"]
[Date "2023.11.28"]
[Round "3"]
[White "NowInChess"]
[Black "doublesik"]
[Result "0-1"]
[WhiteElo "2176"]
[BlackElo "2535"]
[TimeControl "180+1"]
[EndTime "8:28:53 PST"]
[Termination "doublesik won on time"]

1. e4 c5 2. d3 Nc6 3. g3 g6 4. Bg2 Bg7 5. f4 d6 6. Nf3 e6 7. O-O Nge7 8. c3 O-O 9. Be3 b5 10. d4 cxd4 11. cxd4 Bb7 12. Qd2 Rc8 13. Nc3 Na5 14.
b3 b4 15. Na4 Bxe4 16. Qxb4 Nd5 17. Qd2 Rc2 18. Qe1 Qc7 19. Nd2 Bxg2 20. Kxg2 Rc8 21.
Bf2 Qb7 22. Kg1 Nb4 23. Nc4 Nxc4 24. bxc4 Nd3 25. Qd1 Rxf2 26. Rxf2 Nxf2 27. Kxf2 Rxc4 28. Rb1 Qc7 29. Rb3 Bxd4+ 30. Kg2 e5 31. Nb2 Rc2+ 32.
Kh3 Rxb2 33. Rxb2 Bxb2 34. Qb3 Qd7+ 0-1